Map: World of Sleepers LE

Players

Lambo - Winner!

  • Race: Zerg Zerg
  • League: Master
  • Spawn Location: 7:00

Geralt (Gerald)

  • Race: Protoss Protoss
  • League: Master
  • Spawn Location: 1:00

VOD

Have the link to the VOD?

Description

Time

  • Played on: Aug. 22, 2019, 1:54 p.m.
  • Length: 27:19
Show
View Real Time Build Order
Export as new Build Order

Lambo Zerg - Winner!

Build Orders: Hatch First 

Get SALT Encoding   

  12  0:01  Drone  
  13  0:12  Overlord  
  13  0:17  Drone  
  14  0:31  Drone x2  
  16  0:48  Hatchery  
  15  0:50  Drone  
  15  0:54  Drone  
  17  0:57  Drone  
  18  1:07  Extractor  
  17  1:12  Spawning Pool  
  17  1:15  Drone  
  17  1:20  Drone  
  18  1:30  Drone  
  19  1:42  Drone  
  20  1:51  Overlord  
  20  2:00  Queen x2  
  24  2:02  Zergling x4  
  26  2:12  Drone x2  
  28  2:21  Drone  
  29  2:29  Drone  
  30  2:36  Drone x2  
  32  2:41  Pneumatized Carapace  
  32  2:43  Hatchery  
  31  2:45  Drone  
  31  2:48  Overlord  
  32  2:53  Queen  
  34  2:59  Drone x2  
  36  3:07  Zergling x4  
  38  3:13  Drone x3  
  41  3:21  Overlord  
  41  3:23  Drone  
  41  3:28  Metabolic Boost  
  41  3:30  Overlord  
  41  3:32  Drone  
  42  3:37  Overlord  
  42  3:44  Overlord  
  42  3:48  Queen  
  42  3:52  Drone x2  
  42  3:55  Spore Crawler  
  45  4:00  Drone x5  
  50  4:02  Spore Crawler  
  50  4:03  Spore Crawler  
  50  4:04  Queen  
  50  4:07  Drone  
  50  4:08  Drone  
  52  4:11  Zergling x2  
  52  4:15  Drone x2  
  55  4:18  Drone x2  
  55  4:20  Drone  
  58  4:30  Overlord  
  58  4:32  Roach Warren  
  58  4:33  Zergling x4  
  58  4:35  Zergling x2  
  58  4:38  Overlord  
  60  4:40  Queen  
  60  4:45  Drone x4  
  65  4:50  Overlord  
  65  4:51  Drone x2  
  67  4:55  Drone, Overlord  
  67  4:56  Drone  
  67  4:58  Drone x2  
  71  5:00  Drone  
  71  5:01  Drone  
  71  5:05  Drone  
  74  5:08  Lair  
  74  5:12  Overlord  
  75  5:14  Drone x3  
  75  5:17  Drone x4  
  75  5:19  Drone x2  
  80  5:23  Extractor, Overlord  
  80  5:24  Extractor, Drone  
  80  5:27  Overlord  
  79  5:31  Drone x2  
  79  5:32  Evolution Chamber  
  79  5:34  Overlord  
  80  5:35  Drone x2  
  80  5:42  Queen x2  
  82  5:48  Extractor  
  85  5:54  Extractor  
  85  5:55  Extractor  
  85  5:56  Spore Crawler  
  82  6:01  Spore Crawler  
  82  6:03  Zergling x12  
  86  6:05  Drone x7  
  86  6:07  Drone  
  86  6:08  Drone  
  86  6:10  Zerg Missile Weapons Level 1  
  86  6:11  Hydralisk Den  
  94  6:13  Baneling Nest  
  94  6:15  Drone  
  94  6:18  Drone  
  95  6:21  Queen  
  95  6:22  Queen x2  
  101  6:26  Overlord  
  101  6:30  Zergling x10  
  101  6:31  Drone x3  
  108  6:35  Drone  
  109  6:42  Grooved Spines  
  109  6:47  Overlord x2  
  109  6:51  Hatchery  
  107  7:04  Hydralisk x9  
  124  7:12  Overlord  
  121  7:16  Overlord  
  121  7:21  Drone x7  
  126  7:30  Overseer  
  126  7:31  Spore Crawler  
  126  7:32  Hydralisk x3  
  128  7:37  Centrifical Hooks  
  128  7:42  Hydralisk x2  
  128  7:43  Hydralisk  
  134  7:44  Zergling x2  
  134  7:45  Hydralisk, Zergling x2  
  134  7:49  Zergling x4  
  140  7:54  Muscular Augments  
  140  7:57  Unknown  
  139  8:00  Infestation Pit, Drone  
  139  8:01  Zergling x8  
  139  8:03  Evolution Chamber, Drone  
  143  8:08  Hydralisk x4  
  143  8:09  Zergling x8  
  154  8:16  Drone x3  
  157  8:21  Zergling x2  
  157  8:24  Zergling x4  
  160  8:30  Zerg Missile Weapons Level 2  
  160  8:33  Hatchery  
  159  8:36  Zergling x2  
  159  8:37  Overlord  
  159  8:38  Overlord x2  
  159  8:41  Overlord  
  160  8:47  Overlord  
  156  8:49  Zergling x8  
  156  8:50  Hive  
  156  8:53  Spire, Overlord  
  154  9:03  Pathogen Glands  
  154  9:04  Drone x12  
  166  9:11  Burrow  
  166  9:13  Zerg Ground Armor Level 1  
  166  9:18  Spore Crawler, Drone x3  
  167  9:25  Spore Crawler, Unknown  
  167  9:26  Spore Crawler  
  163  9:34  Spore Crawler  
  163  9:37  Zergling x2  
  161  9:59  Infestor x7  
  160  10:00  Infestor x6  
  160  10:06  Drone x16  
  197  10:18  Spore Crawler x3  
  197  10:19  Spore Crawler, Infestor x13  
  197  10:20  Spore Crawler x2  
  191  10:22  Spore Crawler x2, Drone  
  191  10:23  Spore Crawler, Drone  
  190  10:31  Spore Crawler, Infestor x2  
  190  10:32  Infestor  
  190  10:33  Overlord  
  190  10:34  Greater Spire  
  194  10:39  Spire  
  189  11:05  Infestor x5  
  189  11:07  Drone  
  200  11:16  Spore Crawler  
  200  11:17  Spore Crawler x3  
  200  11:18  Spore Crawler x4  
  192  11:20  Spore Crawler x2  
  192  11:21  Drone x15  
  192  11:22  Spore Crawler  
  192  11:24  Drone x3  
  178  11:37  Drone x3  
  180  11:56  Drone x12  
  192  12:11  Neural Parasite  
  192  12:12  Spore Crawler  
  192  12:13  Zerg Flyer Weapons Level 1, Spore Crawler  
  192  12:14  Zerg Flyer Armor Level 1  
  192  12:15  Spore Crawler  
  189  12:16  Zerg Ground Armor Level 2, Zerg Missile Weapons Level 3  
  189  12:26  Hatchery, Infestor x9  
  189  12:28  Hydralisk x3, Extractor x2  
  199  12:56  Spore Crawler  
  199  12:57  Hydralisk x3, Spore Crawler x3  
  199  12:58  Spore Crawler  
  198  12:59  Spore Crawler  
  198  13:00  Spore Crawler  
  198  13:01  Spore Crawler  
  187  13:07  Hydralisk x9  
  189  13:13  Hydralisk x6  
  187  13:20  Hydralisk x7  
  191  13:31  Infestor  
  191  13:32  Infestor x2  
  191  13:37  Hydralisk x4  
  192  14:20  Drone x7  
  179  14:34  Zerg Flyer Weapons Level 2, Zerg Flyer Armor Level 2  
  179  14:36  Zerg Ground Armor Level 3  
  179  14:43  Spore Crawler  
  179  14:44  Spore Crawler x4  
  174  14:47  Spore Crawler  
  173  14:53  Zerg Melee Weapons Level 1  
  169  15:30  Infestor x9  
  171  15:53  Corruptor  
  171  15:54  Corruptor x14  
  193  16:09  Hydralisk x3  
  199  16:17  Hydralisk  
  199  16:18  Hydralisk x10  
  195  16:37  Corruptor x3  
  195  16:38  Corruptor x4  
  199  16:41  Adrenal Glands  
  199  16:57  Hatchery, Extractor  
  199  17:00  Extractor  
  196  17:02  Overseer x2  
  196  17:03  Zerg Flyer Weapons Level 3  
  190  17:29  Drone x10  
  198  17:39  Spore Crawler  
  198  17:40  Spore Crawler  
  198  17:41  Spore Crawler x3  
  198  17:42  Spore Crawler x3  
  198  17:43  Spore Crawler x3  
  187  17:47  Infestor x2  
  185  17:54  Brood Lord x6  
  197  18:04  Zergling x4  
  199  18:16  Overseer  
  199  18:49  Spore Crawler  
  199  18:51  Spore Crawler x2  
  199  18:52  Infestor  
  199  18:53  Spore Crawler  
  197  18:59  Zerg Melee Weapons Level 2  
  197  19:00  Zerg Flyer Armor Level 3  
  197  19:06  Corruptor x7  
  199  19:13  Spine Crawler  
  199  19:15  Spine Crawler  
  199  19:16  Brood Lord, Spine Crawler  
  199  19:17  Brood Lord  
  188  19:24  Corruptor x6  
  188  19:30  Corruptor  
  188  19:31  Corruptor  
  196  19:36  Hydralisk x3  
  191  19:48  Hydralisk  
  191  19:49  Hydralisk x3  
  195  20:16  Zergling x8  
  166  20:38  Corruptor  
  166  20:39  Corruptor x5  
  147  20:47  Hydralisk x4  
  154  20:56  Brood Lord  
  152  20:59  Drone x11  
  163  21:05  Brood Lord  
  165  21:22  Zergling x4  
  165  21:23  Zergling x12  
  165  21:25  Hatchery  
  172  21:36  Zergling x18  
  180  21:47  Infestor x3  
  186  21:55  Overseer  
  186  22:08  Brood Lord  
  188  22:11  Extractor  
  188  22:14  Extractor  
  185  22:26  Zergling x2  
  185  22:27  Zergling x16  
  187  22:39  Corruptor x2  
  187  22:40  Corruptor x2  
  195  22:51  Drone x3  
  197  22:52  Drone x2  
  197  22:56  Spore Crawler  
  197  22:57  Spore Crawler  
  198  22:58  Spore Crawler  
  195  23:07  Spore Crawler  
  195  23:08  Spore Crawler  
  195  23:10  Spore Crawler  
  195  23:12  Spore Crawler x3  
  189  23:13  Spore Crawler  
  189  23:14  Spore Crawler x2  
  189  23:18  Corruptor x4  
  191  23:31  Zerg Melee Weapons Level 3  
  191  23:32  Zergling x8  
  192  23:38  Zergling x6  
  192  23:45  Zergling x10  
  192  24:10  Overseer x2  
  186  24:23  Drone x3  
  189  24:45  Hatchery  
  189  24:48  Zergling x12  
  193  24:54  Hatchery  
  189  25:45  Lair, Overseer x5  
  189  25:47  Overseer  
  189  25:51  Overseer  
  189  26:00  Viper  
  176  26:05  Zergling x26  
Show
View Real Time Build Order
Export as new Build Order

Geralt Protoss 

Build Orders: 1 Gate Expand, Phoenix Opening, Carriers, Mass Phoenix 

Get SALT Encoding   

  12  0:00  Probe  
  13  0:12  Probe  
  14  0:20  Pylon  
  14  0:25  Probe  
  15  0:29  Assimilator  
  15  0:36  Probe  
  16  0:44  Probe  
  16  0:49  Gateway  
  17  0:53  Probe  
  18  1:05  Probe  
  19  1:17  Probe  
  20  1:24  Nexus  
  20  1:32  Probe  
  20  1:36  Cybernetics Core  
  21  1:41  Assimilator  
  21  1:45  Probe  
  22  1:50  Pylon  
  22  1:57  Probe  
  23  2:04  Adept  
  23  2:10  Probe  
  23  2:13  Stargate  
  26  2:21  Warp Gate  
  26  2:22  Probe  
  27  2:24  Adept  
  29  2:41  Probe  
  30  2:45  Probe  
  30  2:48  Phoenix  
  31  2:53  Probe  
  31  2:57  Probe  
  35  2:59  Adept  
  35  3:05  Probe  
  38  3:09  Probe  
  39  3:13  Gateway  
  39  3:17  Probe  
  39  3:18  Phoenix  
  40  3:21  Probe  
  41  3:29  Probe  
  41  3:33  Probe  
  43  3:35  Phoenix  
  43  3:41  Probe  
  43  3:45  Assimilator  
  43  3:48  Assimilator  
  46  3:49  Pylon  
  46  3:58  Pylon  
  46  4:01  Phoenix  
  46  4:07  Probe x2  
  50  4:19  Probe x2, Pylon  
  50  4:22  Phoenix  
  50  4:23  Gateway  
  54  4:31  Probe x2  
  56  4:44  Probe x2, Stargate  
  56  4:47  Phoenix  
  58  4:56  Probe x2, Pylon  
  58  5:08  Probe x2  
  58  5:12  Phoenix  
  62  5:20  Protoss Air Weapons Level 1, Probe x2  
  62  5:25  Phoenix  
  62  5:26  Adept x2  
  66  5:29  Phoenix  
  66  5:30  Nexus  
  66  5:32  Probe x2  
  66  5:34  Pylon  
  72  5:44  Probe  
  72  5:46  Phoenix  
  72  5:47  Robotics Facility, Pylon  
  73  5:53  Probe  
  73  5:56  Probe  
  77  6:03  Phoenix  
  79  6:11  Phoenix  
  79  6:13  Probe  
  79  6:14  Probe  
  83  6:25  Immortal  
  83  6:26  Probe  
  83  6:27  Probe  
  83  6:28  Phoenix  
  87  6:36  Phoenix  
  87  6:38  Probe  
  94  6:42  Probe  
  94  6:43  Assimilator, Probe  
  94  6:46  Assimilator  
  96  6:49  Adept  
  96  6:50  Probe, Adept x2, Gateway  
  103  6:57  Pylon  
  102  7:02  Probe  
  102  7:07  Probe  
  104  7:09  Gateway  
  104  7:13  Pylon  
  102  7:21  Probe x2  
  104  7:23  Immortal  
  106  7:34  Probe  
  106  7:40  Probe x2  
  106  7:42  Probe  
  106  7:43  Fleet Beacon  
  108  7:45  Stargate  
  108  7:48  Forge  
  108  7:50  Zealot  
  111  7:52  Probe  
  111  7:53  Zealot  
  111  7:54  Zealot x2  
  118  7:58  Probe  
  118  8:01  Probe  
  120  8:13  Protoss Shields Level 1  
  120  8:14  Probe  
  120  8:15  Probe  
  122  8:24  Shield Battery  
  122  8:25  Pylon  
  122  8:32  Carrier  
  122  8:33  Pylon, Mothership  
  122  8:35  Pylon  
  122  8:37  Carrier x2  
  148  9:08  Pylon  
  148  9:10  Pylon  
  148  9:12  Pylon  
  148  9:14  Pylon, Photon Cannon x2  
  148  9:15  Shield Battery  
  148  9:18  Photon Cannon  
  148  9:19  Pylon x2, Photon Cannon  
  148  9:21  Shield Battery  
  148  9:25  Pylon  
  148  9:27  Carrier  
  144  9:35  Carrier  
  150  9:40  Twilight Council  
  150  9:44  Protoss Air Weapons Level 2  
  156  9:47  Carrier  
  154  10:11  Pylon  
  154  10:14  Robotics Facility  
  154  10:15  Nexus  
  154  10:25  Unknown  
  154  10:27  Pylon  
  154  10:31  Carrier  
  154  10:32  Protoss Shields Level 2  
  160  10:40  Templar Archives  
  160  10:43  Charge  
  162  11:04  Carrier  
  162  11:09  Carrier  
  160  11:33  Observer  
  160  11:38  Carrier  
  149  11:48  Photon Cannon  
  149  11:49  Photon Cannon  
  149  11:50  Photon Cannon  
  149  11:51  Shield Battery  
  149  11:52  Shield Battery  
  155  11:55  Photon Cannon  
  155  11:58  Shield Battery, Carrier  
  155  12:00  Pylon  
  155  12:01  Gateway  
  155  12:02  Warp Prism, Gateway, Psionic Storm  
  163  12:16  Zealot x4  
  163  12:21  Pylon  
  169  12:30  Protoss Air Weapons Level 3  
  169  12:32  Gateway  
  169  12:34  Gateway  
  169  12:39  Zealot x5  
  169  12:42  Robotics Bay  
  178  13:02  Zealot x6  
  166  13:23  Zealot x6  
  166  13:32  Disruptor  
  159  13:40  High Templar x2, Disruptor  
  152  13:50  High Templar x6  
  164  13:59  Photon Cannon  
  164  14:01  Archon x2  
  164  14:02  Nexus  
  164  14:07  Disruptor  
  167  14:16  Disruptor  
  170  14:17  High Templar x2  
  170  14:46  High Templar x4  
  178  14:53  Photon Cannon  
  178  15:06  Archon  
  178  15:07  Observer  
  178  15:13  Zealot x2  
  183  15:15  Assimilator  
  183  15:17  Assimilator  
  176  15:29  Zealot x4  
  174  15:36  Disruptor  
  169  16:02  Robotics Facility  
  143  16:42  Observer  
  143  16:43  High Templar  
  143  16:45  High Templar x3  
  148  16:52  Archon  
  148  17:01  Zealot x2  
  148  17:04  Observer  
  148  17:05  Disruptor  
  152  17:29  Carrier x3  
  170  17:35  Pylon  
  170  17:40  High Templar x2  
  170  17:41  Zealot x2  
  178  17:59  Zealot  
  178  18:00  Zealot  
  182  18:11  Zealot x2  
  186  18:16  Pylon  
  186  18:33  Carrier x2  
  198  18:45  Nexus  
  198  18:48  Photon Cannon  
  198  18:49  Shield Battery  
  198  18:50  Photon Cannon  
  198  18:51  Zealot  
  200  18:55  Unknown  
  200  19:03  Protoss Air Armor Level 1  
  198  19:44  Zealot  
  186  20:30  Carrier x2  
  135  20:46  Zealot x3, High Templar x3  
  111  20:56  Disruptor  
  109  21:12  Gateway  
  109  21:15  Gateway  
  109  21:16  Gateway, Blink  
  108  21:19  Zealot x3, Gateway  
  108  21:20  Zealot x3  
  108  21:22  Disruptor  
  108  21:24  Carrier  
  108  21:25  Observer  
  122  21:56  Observer  
  122  21:59  Carrier  
  129  22:17  Zealot x5  
  129  22:18  Zealot x5  
  136  22:50  Mothership  
  144  22:52  Nexus  
  144  22:53  Stalker x2  
  147  23:09  Carrier  
  147  23:11  Protoss Ground Weapons Level 1  
  153  23:24  Zealot  
  153  23:25  Zealot x5  
  141  23:32  Zealot x2  
  137  24:07  Zealot  
  137  24:08  Zealot  
  135  24:11  Zealot x2  
  137  24:21  High Templar x2  
  140  24:54  Nexus  
  140  24:55  Carrier  
  140  24:58  Zealot  
  140  24:59  Zealot x2  
  152  25:00  Zealot  
  148  25:20  Carrier  
  154  25:47  Carrier  
  146  25:51  Observer  
  153  26:10  Disruptor  
  153  26:12  Photon Cannon, Shield Battery  
  152  26:45  Zealot  
Tags
 
Add a new tag
Caveats
  • Supply blocks, unpowered buildings, or Contaminate may cause inaccurate times.
  • Supply counts are checked every 10 seconds.